 Dungeon Crawl Stone Soup version 0.31-a0-983-g7b6862f502 (webtiles) character file.

Game seed: 16462101444585149433

60 gruber the Cutter (level 4, 0/23 HPs)
             Began as a Vine Stalker Fighter on Nov 2, 2023.
             Slain by a sky beast (5 damage)
             ... on level 3 of the Dungeon.
             The game lasted 00:00:53 (1386 turns).

gruber the Cutter (Vine Stalker Fighter)            Turns: 1386, Time: 00:00:54

Health: 0/23       AC:  6    Str: 18    XL:     4   Next: 6%
Magic:  0/5        EV:  9    Int:  8    God:
Gold:   135        SH:  5    Dex: 16    Spells: 3/3 levels left

rFire   . . .        a - +0 rapier
rCold   . . .        c - +0 buckler
rNeg    . . .        b - +0 scale mail
rPois   .            (no helmet)
rElec   .            (no cloak)
rCorr   .            (no gloves)
SInv    .            (no boots)
Will    .....        (no amulet) Stlth
                     (no ring)
HPRegen 1.03/turn    (no ring)
MPRegen 0.09/turn

%: guardian spirit
@: no status effects
A: fangs 2, regeneration 1, magic shield, antimagic bite, no potion heal 2
a: no special abilities


You were on level 3 of the Dungeon.
You visited 1 branch of the dungeon, and saw 3 of its levels.

You collected 135 gold pieces.

Inventory:

Hand Weapons
 a - a +0 rapier (weapon)
Armour
 b - a +0 scale mail (worn)
 c - a +0 buckler (worn)
Jewellery
 p - a ring of fire
Scrolls
 g - a scroll of vulnerability {unknown}
 i - 2 scrolls of immolation {unknown}
 k - a scroll of noise {unknown}
 l - a scroll of enchant armour {unknown}
 o - a scroll of blinking {unknown}
 q - a scroll of fear {unknown}
 s - 3 scrolls of identify {unknown}
 t - 3 scrolls of enchant weapon {unknown}
 u - a scroll of revelation {unknown}
Potions
 d - 3 potions of might
 e - 2 potions of cancellation {unknown}
 f - a potion of curing {unknown}
 h - 2 potions of lignification {unknown}
 j - a potion of berserk rage {unknown}
 m - a potion of haste {unknown}
 n - a potion of ambrosia {unknown}
 r - a potion of invisibility {unknown}
 v - a potion of resistance {unknown}


   Skills:
 - Level 2.6 Fighting
 + Level 3.8 Short Blades
 - Level 2.4 Armour
 - Level 2.6 Shields


You had 3 spell levels left.
You didn't know any spells.
Your spell library was empty.

Dungeon Overview and Level Annotations

Branches:
Dungeon (3/15)

Altars:


Innate Abilities, Weirdness & Mutations

You have extremely sharp teeth.
Your natural rate of healing is unusually fast.
When hurt, damage is shared between your health and your magic reserves.
Your bite disrupts and absorbs the magic of your enemies.
Potions cannot restore your health.


Message History

The orc is almost dead.
The orc hits you but does no damage. You block the orc's attack.
There are monsters nearby!
You puncture the orc!
You kill the orc!
The orc hits you with a +0 mace!
A sky beast comes into view.
You have reached level 4!
You feel agile.
Unknown command.
The orc attacks as it pursues you! The orc hits you with a +0 mace.
You barely miss the orc. The orc hits you with a +0 mace.
You hit the orc but do no damage. You bite the orc, but do no damage.
The orc hits you with a +0 mace.
* * * LOW HITPOINT WARNING * * *
You hit the orc but do no damage. The orc hits you with a +0 mace.
* * * LOW HITPOINT WARNING * * *
You hit the orc but do no damage. Your bite misses the orc.
The orc hits you with a +0 mace.
* * * LOW HITPOINT WARNING * * *
You closely miss the orc. The orc hits you but does no damage.
You puncture the orc!
You kill the orc!
You closely miss the sky beast. Your bite misses the sky beast.
The sky beast hits you but does no damage.
You hit the sky beast.
The sky beast is moderately wounded.
The sky beast hits you but does no damage.
You hit the sky beast.
The sky beast is moderately wounded.
The sky beast closely misses you.
You miss the sky beast.
The sky beast is moderately wounded.
The sky beast flickers out of sight!
Deactivating autopickup; reactivate with Ctrl-A.
Something hits you but does no damage.
You hit something. Something hits you.
* * * LOW HITPOINT WARNING * * *
Something shocks you.
You die...

#########....#..........####
#################################
.......>.......# #.#.#..(#.#.#
##############.# ##.#..#..#)##
#.# #.#).###..#.#
.######.#######..##.##..##
.............#..##...##).#
.######.#.##...##........#
#.#@####..##...##..# #.#{#
##..##.##..## #.#'# #.#..###..#.#
#.)....##.#..#..#.##
#......#.#.#...#.#.#
#....$.############# #.<....#
#...|..# #......+


There were no monsters in sight!

Vanquished Creatures
  2 adders
  A worm (D:2)
  A dart slug (D:1)
  3 orcs (D:3)
  2 ball pythons (D:1)
  2 bats (D:1)
  2 endoplasms
  3 giant cockroaches
  6 goblins
  2 hobgoblins (D:2)
  2 jackals (D:1)
  3 kobolds
  2 frilled lizards (D:1)
  2 rats
33 creatures vanquished.

Notes
Turn   | Place    | Note
-------+----------+-------------------------------------------
     0 | D:1      | gruber the Vine Stalker Fighter began the quest for the
                  | Orb.
     0 | D:1      | Reached XP level 1. HP: 11/11 MP: 2/2
   124 | D:1      | Reached skill level 2 in Short Blades
   166 | D:1      | Reached XP level 2. HP: 16/16 MP: 3/3
   720 | D:2      | Reached skill level 3 in Short Blades
   781 | D:2      | Reached XP level 3. HP: 12/19 MP: 2/4
  1373 | D:3      | Noticed a sky beast
  1374 | D:3      | Reached XP level 4. HP: 16/23 MP: 2/5
  1386 | D:3      | Slain by a sky beast

Illustrated notes

Levels and vault maps discovered:
D:1:      scummos_arrival_checkerplants, layout_loops_cross
D:2:      layout_rooms, hangedman_decor_growths, grunt_decor_arrowhead
D:3:      minmay_diamond_boxcup, layout_basic, nicolae_qazlal_beasts_of_the_sky,
          minmay_misc_feat_plants, lemuel_flame_loot_1

Skill      XL: |  1  2 |
---------------+-------+-----
Short Blades   | 2 3 |  3.8
Fighting       | |  2.6
Armour         | |  2.4
Shields        | |  2.6

Action                     |  1- 3 |  4- 6 || total
---------------------------+-------+-------++-------
  Melee: Rapier            |    76 |    11 ||    87
         Bite              |    21 |     1 ||    22
 Armour: Scale mail        |    39 |    10 ||    49
  Dodge: Dodged            |    20 |     1 ||    21
  Block: Buckler           |    14 |       ||    14

Table legend: (Time is in decaauts)
 A = Elapsed time spent in this place.
 B = Non-inter-level travel time spent in this place.
 C = Inter-level travel time spent in this place.
 D = Time resting spent in this place.
 E = Time spent auto-exploring this place.
 F = Levels seen in this place.
 G = Mean time per level.
                   A        B        C        D        E       F      G
               +--------+--------+--------+--------+--------+-----+--------+
         Total |   1393 |   1353 |     40 |      0 |   1148 |   3 |  464.3 |
       Dungeon |   1393 |   1353 |     40 |      0 |   1148 |   3 |  464.3 |
               +--------+--------+--------+--------+--------+-----+--------+

Top non-repeatable levels by time:
     D:1: 650 daAuts
     D:2: 507 daAuts
     D:3: 234 daAuts
